AoeStats
← LethalHubris

MegaRandom

511441073Analyzed
2v2 RM · 12d ago on Oct 5, 2026· 44m 18s· 4 players
Game mode
Random Map
Map size
Medium (4 player)
Population
200
Speed
Normal
Resources
Standard
Victory
Conquest
Starting age
Dark Age
Ending age
Imperial Age
RankedLock teamsTeams togetherTeam positionsShared explorationLock speedFull tech treeHidden civsTurbo modeCheats
Victory
Defeat
🇦🇷 Gurjaras · Argentina
1301
+14
🇧🇷 Persians · Brazil
1286
+14
vs
🇺🇸 Lithuanians · United States
1254
-14
🇺🇸 Mongols · United States
1242
-14
cesarmmartins
10:02 Loom
12:32 Feudal Age
15:02 Town Watch
15:17 Gold Mining
18:51 Castle Age
17:02 Fishing Lines
17:12 Horse Collar
18:51 Bloodlines
19:04 Forging
19:00 Scale Barding Armor
19:17 Double-Bit Axe
20:47 Medium Warships
21:43 Wheelbarrow
22:32 Husbandry
25:06 Hand Cart
30:17 Fletching
30:48 Heavy Plow
32:10 Bow Saw
32:43 Bodkin Arrow
33:18 Stone Mining
34:04 Gold Shaft Mining
37:41 Imperial Age
35:53 Padded Archer Armor
36:13 Chain Barding Armor
35:38 Elite Skirmisher
38:21 Leather Archer Armor
40:45 Conscription
41:20 Ballistics
42:03 Ring Archer Armor
44:21 Chemistry
43:11 Cavalier
44:32 Plate Barding Armor
44:33 Iron Casting
EMALI
2:47 Loom
3:09 Loom
12:15 Feudal Age
16:11 Castle Age
14:45 Double-Bit Axe
23:45 Wheelbarrow
22:55 Town Watch
25:31 Fletching
28:27 Bodkin Arrow
31:27 Sanctity
35:15 Bow Saw
36:49 Ballistics
36:36 Horse Collar
36:46 Gold Mining
Stonefoot28
11:51 Feudal Age
11:45 Loom
13:06 Double-Bit Axe
18:19 Gold Mining
18:20 Stone Mining
20:58 Castle Age
20:55 Wheelbarrow
20:06 Town Watch
21:01 Fletching
21:11 Padded Archer Armor
21:55 Medium Warships
21:30 Fishing Lines
22:04 Bodkin Arrow
23:18 Leather Archer Armor
24:21 Town Patrol
24:43 Murder Holes
29:06 Scale Barding Armor
31:01 Ballistics
35:45 Thumb Ring
37:10 Chain Barding Armor
37:00 Forging
39:57 Masonry
42:37 Imperial Age
41:00 Bloodlines
40:50 Husbandry
41:12 Light Cavalry
42:25 Nomads
43:45 Forging
LethalHubris
13:24 Feudal Age
12:21 Loom
17:48 Castle Age
20:52 Double-Bit Axe
21:16 Gold Mining
21:08 Horse Collar
21:19 Stone Mining
27:13 Bow Saw
30:07 Scale Barding Armor
30:22 Hill Forts
30:18 Fletching
31:13 Murder Holes
33:14 Town Watch
33:42 Bodkin Arrow
38:23 Imperial Age
36:31 Scale Barding Armor
38:34 Masonry
40:26 Bloodlines
42:04 Wheelbarrow
41:32 Heavy Plow
41:53 Chain Barding Armor
41:44 Forging
44:12 Conscription
Connection lost

Rejoining the realm…

Still unreachable

The connection could not be restored.

Session expired

The server has moved on; the page needs a fresh start.